 Seeded DCSS version 0.30.1-11-g7821555f0a (webtiles) character file.

Game seed: 430007637681659361 (custom seed)

339 mattiecakes the Trooper (level 6, -6/51 HPs)
             Began as a Demonspawn Berserker on Nov 10, 2023.
             Was a Priest of Trog.
             Mangled by Duvessa
             ... wielding a +0 short sword
              (12 damage)
             ... on level 4 of the Dungeon.
             The game lasted 00:12:28 (2974 turns).

mattiecakes the Trooper (Demonspawn Berserker)      Turns: 2974, Time: 00:12:30

Health: -6/51      AC: 11    Str: 20    XL:     6   Next: 29%
Magic:  0/6        EV:  9    Int:  8    God:    Trog [***...]
Gold:   1475       SH:  0    Dex: 12    Spells: 5/5 levels left

rFire   . . .        i - +3 war axe (venom)
rCold   . . .        (no shield)
rNeg    . . .        q - +0 chain mail
rPois   .            p - +0 helmet
rElec   .            (no cloak)
rCorr   .            c - +0 pair of gloves
SInv    .            (no boots)
Will    .....        w - amulet of the acrobat Stlth
                     g - ring of flight
HPRegen 0.28/turn    (no ring)
MPRegen 0.20/turn

%: acrobat, guardian spirit
@: flying, studying 3 skills
A: magic shield, magic regeneration
a: Renounce Religion, Berserk, Trog's Hand


You were on level 4 of the Dungeon.
You worshipped Trog.
Trog was most pleased with you.
You visited 1 branch of the dungeon, and saw 4 of its levels.

You collected 1475 gold pieces.

Inventory:

Hand Weapons
 a - a +0 mace
 i - a +3 war axe of venom (weapon)
Armour
 c - a +0 pair of gloves (worn)
 p - a +0 helmet (worn)
 q - a +0 chain mail (worn)
Jewellery
 g - a ring of flight (left hand)
 w - an amulet of the acrobat (around neck)
Wands
 d - a wand of flame (23)
Scrolls
 b - a scroll of teleportation
Potions
 e - a potion of attraction {unknown}
 k - 2 potions of ambrosia
 m - 3 potions of curing
 o - a potion of cancellation {unknown}
 u - a potion of heal wounds {unknown}
 v - a potion of invisibility {unknown}


   Skills:
 + Level 5.0 Fighting
 + Level 2.3(3.1) Axes
 - Level 2.9(3.3) Maces & Flails
 + Level 4.0 Armour
 - Level 2.5 Dodging
 + Level 2.8 Shields


You had 5 spell levels left.
You didn't know any spells.
Your spell library was empty.

Dungeon Overview and Level Annotations

Branches:
Dungeon (4/15)             Temple (0/1) D:4

Altars:
Kikubaaqudgha
Nemelex Xobeh
Trog
Wu Jian
Yredelemnul

Annotations:
D:4 Duvessa


Innate Abilities, Weirdness & Mutations

When hurt, damage is shared between your health and your magic reserves.
You regenerate magic rapidly.


Message History

You see here a giant cockroach corpse.
Dowan, Brother of Duvessa comes into view.
He is wielding a +0 dagger and wearing a +2 robe of cold resistance.
Dowan shouts!
You hear a shout!
A hobgoblin comes into view.
Duvessa, Sister of Dowan comes into view.
She is wielding a +0 short sword.
There are monsters nearby!
There are monsters nearby!
Dowan completely misses you.
You slash Dowan!
Dowan is poisoned.
Dowan is heavily wounded.
Dowan hits you with a +0 dagger.
You slash Dowan!
You kill Dowan!
Trog accepts your kill.
Trog appreciates your killing of a magic user.
Duvessa screams, "No!
How DARE you!"
Duvessa goes berserk!
Duvessa barely misses you.
Your Fighting skill increases to level 5!
Your Armour skill increases to level 4!
You slash Duvessa!
Duvessa is poisoned.
Duvessa is moderately wounded.
Duvessa hits you with a +0 short sword. Duvessa hits you but does no damage.
Unknown command.
You closely miss Duvessa.
Duvessa is moderately wounded.
Duvessa hits you with a +0 short sword. x2
You slash Duvessa!
Duvessa looks as sick as possible!
Duvessa is heavily wounded.
Duvessa hits you with a +0 short sword! x2
* * * LOW HITPOINT WARNING * * *
Duvessa hits you with a +0 short sword!
* * * LOW HITPOINT WARNING * * *
Unknown command.
Unknown command.
You are too injured to fight recklessly!
You are too injured to fight recklessly!
Unknown command.
Unknown command.
Duvessa attacks as you move away! Duvessa hits you with a +0 short sword!
You die...

### ..# ..# ###
######## #.# ##.##
#...@e.#
#.####...####.####.#
..............# .#
..####...###### ..
### ##.## g.. #.#
.... #.# ...e# # #+#
.e..# #


You could see Duvessa (berserk, extremely poisoned).

Vanquished Creatures
  Dowan (D:4)
  An orc priest (D:3)
  A hound (D:3)
  Terence (D:2)
  An iguana (D:4)
  5 adders
  3 gnolls (D:3)
  A worm (D:3)
  3 dart slugs
  11 orcs
  4 endoplasms
  7 giant cockroaches
  5 goblins
  11 hobgoblins
  4 jackals (D:3)
  4 quokkas
  10 ball pythons
  10 bats
  A frilled lizard (D:1)
  3 kobolds
  5 rats
92 creatures vanquished.

Notes
Turn   | Place    | Note
-------+----------+-------------------------------------------
     0 | D:1      | mattiecakes the Demonspawn Berserker began the quest for
                  | the Orb.
     0 | D:1      | Reached XP level 1. HP: 18/18 MP: 1/1
    81 | D:1      | You fall into a shaft and drop 1 floor!
   210 | D:2      | Found an ancient bone altar of Kikubaaqudgha.
   255 | D:2      | Noticed Terence
   275 | D:1      | Gained mutation: You regenerate magic rapidly. [demonic
                  | ancestry]
   275 | D:1      | Reached XP level 2. HP: 24/24 MP: 2/2
   642 | D:1      | Gained mutation: When hurt, damage is shared between your
                  | health and your magic reserves. [demonic ancestry]
   642 | D:1      | Reached XP level 3. HP: 29/29 MP: 3/3
   652 | D:1      | Reached ** piety under Trog
  1113 | D:2      | Identified a scroll of acquirement
  1113 | D:2      | Acquired 1306 gold pieces
  1121 | D:2      | Killed Terence
  1122 | D:2      | Reached skill level 1 in Axes
  1122 | D:2      | Reached XP level 4. HP: 21/35 MP: 2/4
  1459 | D:2      | Found a faded altar of an unknown god.
  1548 | D:2      | Acquired a manual of Fighting
  1550 | D:2      | Acquired a manual of Shields
  1551 | D:2      | Acquired a manual of Armour
  1620 | D:3      | Found a bloodstained altar of Trog.
  1620 | D:3      | Found an ornate altar of the Wu Jian Council.
  1788 | D:3      | Reached skill level 4 in Fighting
  1788 | D:3      | Reached skill level 1 in Shields
  1944 | D:3      | Reached XP level 5. HP: 42/42 MP: 5/5
  1997 | D:3      | Found a basalt altar of Yredelemnul.
  2075 | D:3      | Reached *** piety under Trog
  2251 | D:3      | Found a sparkling altar of Nemelex Xobeh.
  2641 | D:4      | Found a staircase to the Ecumenical Temple.
  2733 | D:4      | Reached XP level 6. HP: 43/49 MP: 4/6
  2961 | D:4      | Noticed Dowan
  2961 | D:4      | Noticed Duvessa
  2970 | D:4      | Killed Dowan
  2971 | D:4      | Reached skill level 5 in Fighting
  2974 | D:4      | Mangled by Duvessa

Illustrated notes

Levels and vault maps discovered:
D:1:      wander_arrival_chamber, layout_basic, kennysheep_boxes
D:2:      layout_rooms, dilly_ecumenical_altar_fadedgnrine, basic_altar,
          uniq_terence
D:3:      layout_basic, mainiacjoe_overflow_swirl, jmf_multi_god_temple,
          minmay_puff
D:4:      layout_loops_corners, minmay_temple_entry_junction_2,
          minmay_joined_circles, uniq_robin, uniq_duvessa

Skill      XL: |  1  2  3  4  5  6 |
---------------+-------------------+-----
Armour         | 2 3 4 |  4.0
Dodging        | 2 |  2.5
Axes           | 1 2 |  2.3
Fighting       | 4 5 |  5.0
Shields        | 1 2 |  2.8
Maces & Flails | |  2.9

Action                     |  1- 3 |  4- 6 || total
---------------------------+-------+-------++-------
  Melee: Mace              |    46 |       ||    46
         War axe           |    55 |   129 ||   184
    Use: Scroll            |     1 |    14 ||    15
   Stab: Sleeping          |     1 |       ||     1
 Armour: Animal skin       |    42 |     3 ||    45
         Chain mail        |       |    62 ||    62
  Dodge: Dodged            |   103 |    71 ||   174
